 Dungeon Crawl Stone Soup version 0.28-a0-780-g186eaea (webtiles) character file.

Game seed: 8487452077975046054

9448 NeededCrab the Thaumaturge (level 11, -6/89 HPs)
             Began as a Djinni Venom Mage on Oct 31, 2021.
             Was a Priest of Elyvilon.
             Killed from afar by an ice dragon (11 damage)
             ... with a blast of cold
             ... on level 10 of the Dungeon on Nov 2, 2021.
             The game lasted 00:59:38 (17609 turns).

NeededCrab the Thaumaturge (Djinni Venom Mage)     Turns: 17609, Time: 00:59:39

Health: -6/89      AC:  8    Str: 10    XL:     11   Next: 74%
Gold:   589        EV: 12    Int: 18    God:    Elyvilon [***...] SH:  6 Dex: 13

rFire   + . .      SeeInvis .   q - +0 trident (venom)
rCold   . . .      Faith    .   i - +0 buckler
rNeg    . . .      Spirit   .   a - +0 robe
rPois   ∞          Reflect  .   w - +0 helmet
rElec   .          Harm     .   u - +1 cloak
rCorr   .          Rampage  .   (no gloves)
Will    +....                   (boots unavailable)
Stlth   ++........              (no amulet)
HPRegen 0.24/turn               K - ring of ice
MPRegen 0.00/turn               p - +4 ring of protection

@: flying
A: sickness immunity, fire resistance 2, cold vulnerability 1, float, innate
caster, hp casting, extra vitality 1, deformed body, robust 1
a: Renounce Religion, Purification, Heal Other, Heal Self


You were on level 10 of the Dungeon.
You worshipped Elyvilon.
Elyvilon was most pleased with you.
You visited 2 branches of the dungeon, and saw 12 of its levels.
You also visited: Sewer.

You collected 589 gold pieces.

Inventory:

Hand Weapons
 q - a +0 trident of venom (weapon)
Missiles
 n - 2 throwing nets
Armour
 a - a +0 robe (worn)
 c - a +3 kite shield
 i - a +0 buckler (worn)
 u - a +1 cloak (worn)
 w - a +0 helmet (worn)
Jewellery
 g - a ring of resist corrosion
 p - a +4 ring of protection (right hand)
 t - the ring of Tecab {Dex+2 Slay+4}
   (You found it on level 5 of the Dungeon)

   [ring of slaying]

   Dex:       It affects your dexterity (+2).
   Slay:      It affects your accuracy & damage with ranged weapons and melee
   (+4).
 K - a ring of ice (left hand)
Wands
 s - a wand of digging (6)
 B - a wand of charming (4)
 C - a wand of polymorph (19)
 D - a wand of iceblast (9)
 I - a wand of paralysis (1)
 L - a wand of flame (14)
Scrolls
 b - 2 scrolls of immolation {unknown}
 d - 3 scrolls of enchant armour
 j - 2 scrolls of fear
 k - 4 scrolls of noise
 m - 2 scrolls of fog
 r - a scroll of summoning {unknown}
 y - a scroll of acquirement {unknown}
 E - a scroll of teleportation
 G - a scroll of blinking {unknown}
 H - a scroll of vulnerability {unknown}
Potions
 e - a potion of berserk rage {unknown}
 f - 2 potions of brilliance
 h - 4 potions of might
 l - 2 potions of cancellation
 o - a potion of degeneration
 v - a potion of lignification {unknown}
 x - a potion of flight {unknown}
 z - 2 potions of ambrosia {unknown}
 A - 2 potions of haste
 F - a potion of invisibility {unknown}
 J - a potion of heal wounds


   Skills:
 + Level 7.9 Fighting
 - Level 2.3 Dodging
 - Level 1.5 Stealth
 + Level 8.9 Shields
 * Level 9.2 Spellcasting
 + Level 6.1 Invocations


You had 4 spell levels left.
You knew the following spells:

 Your Spells              Type           Power      Damage    Failure   Level
a - Sting                 Tmut/Pois      100%       1d8       1%          1
b - Poisonous Vapours     Pois/Air       82%        N/A       1%          2
c - Mephitic Cloud        Conj/Pois/Air  41%        N/A       1%          3
d - Searing Ray           Conj           82%        2d7       1%          2
e - Freeze                Ice            100%       1d11      1%          1
f - Olgreb's Toxic Radia  Pois           41%        N/A       1%          4
g - Swiftness             Air            41%        N/A       1%          3
h - Ozocubu's Armour      Ice            58%        N/A       1%          3
i - Yara's Violent Unrav  Hex/Tmut       20%        3d9       5%          5
Your spell library was empty.

Dungeon Overview and Level Annotations

Branches:
Dungeon (11/15)            Temple (1/1) D:6            Lair (0/6) D:9
    Orc (0/2) D:10          Sewer (visited)

Altars:
Ashenzari
Cheibriados
Dithmenos
Elyvilon
Fedhas
Gozag
Hepliaklqana
Kikubaaqudgha
Makhleb
Nemelex Xobeh
Okawaru
Qazlal
Ru
Sif Muna
Trog
Uskayaw
Vehumet
Wu Jian
Xom
Yredelemnul
Zin
The Shining One

Shops:
D:3 :

Annotations:
D:4 1 runed translucent door, AlexanderH's ghost, amateur DrFE
D:5 exclusion: ice beast
D:6 2 runed translucent doors, Dega's ghost, amateur OpFi
D:8 3 runed translucent doors, Fronzalo's ghost, novice DsFi


Innate Abilities, Weirdness & Mutations

You are immune to sickness and miasma.
You are immune to poison.
Your flesh is very heat resistant. (rF++)
You are vulnerable to cold. (rC-)
You float through the air rather than walking.
You learn spells naturally, not from books.
Your magical power is your life essence.
You have superior vitality. (+4 HP)
Armour fits poorly on your strangely shaped body.
You are robust. (+10% HP)


Message History

The two-headed ogre looks as sick as possible!
The two-headed ogre seems less confused.
Casting: Poisonous Vapours (safe; 1% risk of failure)
Confirm with . or Enter, or press ? or * to list all spells.
Aiming: Poisonous Vapours (safe; 1% risk of failure)
Press: ? - help, Dir - move target, f/p - two-headed ogre
Aim: a two-headed ogre, wielding two +0 giant clubs (heavily wounded, extremely poisoned) Poisonous vapours surround the two-headed ogre!
The two-headed ogre looks as sick as possible!
Casting: Poisonous Vapours (safe; 1% risk of failure)
Confirm with . or Enter, or press ? or * to list all spells.
Aiming: Mephitic Cloud (safe; 1% risk of failure)
Press: ? - help, Shift-Dir - straight line, f/p - two-headed ogre
Aim: a two-headed ogre, wielding two +0 giant clubs (heavily wounded, extremely poisoned, chance to affect: 53%)
The ball explodes into a vile cloud!
The stinking cloud engulfs the two-headed ogre but does no damage.
The two-headed ogre is heavily wounded.
The two-headed ogre is engulfed in noxious fumes.
The two-headed ogre appears confused.
Casting: Mephitic Cloud (safe; 1% risk of failure)
Confirm with . or Enter, or press ? or * to list all spells.
Aiming: Poisonous Vapours (safe; 1% risk of failure)
Press: ? - help, Dir - move target, f/p - two-headed ogre
Aim: a two-headed ogre, wielding two +0 giant clubs (severely wounded, confused, extremely poisoned) Poisonous vapours surround the two-headed ogre!
The two-headed ogre looks as sick as possible!
The two-headed ogre seems less confused.
The two-headed ogre hits you with a +0 giant club!!
* * * LOW HITPOINT WARNING * * *
The two-headed ogre hits you with a +0 giant club!
* * * LOW HITPOINT WARNING * * *
Found a +0 club.
You kill the two-headed ogre!
There is a stone staircase leading up here.
You fly upwards.
There is a stone staircase leading down here.
An ice dragon is nearby!
The ice dragon breathes frost at you. The blast of cold hits you!
You die...

#.....###..............#)..(
##...................(..).###
#.......##.........<.....####
#........#..................#
#.##..##.#...............##.#
#####.#(..##................)##..
#..........................[.....
#.......######.....D........#.###
......##....##.#@....#.....##..##
......##.......###############.##
.....###....#######..............
.....# #....##......####.#####...
.....###.................# ####
............##############
########....# #....# #)...#


You could see an ice dragon (catching breath).

Vanquished Creatures
  3 two-headed ogres
  An ugly thing (D:11)
  A manticore (D:9)
  An unseen horror (D:10)
  Grinder (D:5)
  A hornet (D:9)
  2 wraiths
  A wyvern (D:7)
  Sigmund (D:4)
  9 yaks
  Eustachio (D:5)
  Edmund (D:5)
  An acid dragon (D:10)
  4 water moccasins
  Duvessa (D:5)
  4 black bears
  4 orc warriors
  A sky beast (D:4)
  2 ogres
  3 kobold brigands
  3 bullfrogs
  A gnoll sergeant (D:7)
  Dowan (D:5)
  A wyvern zombie (D:6)
  10 killer bees
  5 howler monkeys
  A bullfrog zombie (D:5)
  2 centaur zombies
  2 hounds
  2 jellies
  3 orc priests
  A centaur skeleton (D:7)
  2 gnoll shamans
  A bullfrog skeleton (D:6)
  Ijyb (D:4)
  5 iguanas
  7 orc wizards
  9 gnolls
  7 adders
  A river rat (D:4)
  2 shadow imps (D:5)
  2 ufetubi
  2 worms (D:4)
  37 orcs
  10 ball pythons
  6 endoplasms
  2 giant cockroaches
  5 goblins
  8 hobgoblins
  9 jackals
  4 quokkas
  4 bats
  9 frilled lizards
  32 kobolds
  5 rats
245 creatures vanquished.

Vanquished Creatures (others)
  47 fungi (D:9)
  56 plants
103 creatures vanquished.

Grand Total: 348 creatures vanquished

Notes
Turn   | Place    | Note
-------+----------+-------------------------------------------
     0 | D:1      | NeededCrab the Djinni Venom Mage began the quest for the
                  | Orb.
     0 | D:1      | Reached XP level 1. HP: 15/15 MP: 0/0
   444 | D:1      | Reached XP level 2. HP: 19/22 MP: 0/0
  1095 | D:1      | Found a faded altar of an unknown god.
  1622 | D:1      | Reached skill level 1 in Shields
  1622 | D:1      | Reached XP level 3. HP: 22/26 MP: 0/0
  1622 | D:1      | Learned a level 1 spell: Freeze
  1622 | D:1      | Upgraded the game from 0.28-a0-769-g550dbda to
                  | 0.28-a0-773-g130ae17
  1738 | D:2      | Reached skill level 1 in Fighting
  2873 | D:2      | Reached skill level 3 in Spellcasting
  3453 | D:3      | Found Muenosua's Book Boutique.
  3877 | D:3      | Reached XP level 4. HP: 26/32 MP: 0/0
  3971 | D:3      | Gained mutation: You are robust. (+10% HP) [potion of
                  | mutation]
  3971 | D:3      | Gained mutation: Armour fits poorly on your strangely
                  | shaped body. [potion of mutation]
  4338 | D:3      | Found a stormy altar of Qazlal.
  4405 | D:3      | Reached XP level 5. HP: 26/41 MP: 0/0
  4405 | D:3      | Learned a level 2 spell: Searing Ray
  4866 | D:4      | Noticed a sky beast
  4914 | D:4      | Killed a sky beast
  4915 | D:4      | Reached XP level 6. HP: 40/47 MP: 0/0
  5108 | D:4      | Found a runed translucent door.
  5111 | D:4      | Noticed AlexanderH's ghost (amateur DrFE)
  5423 | D:4      | Found a glowing drain.
  5430 | Sewer    | Entered a sewer
  6706 | D:4      | Noticed Ijyb
  6714 | D:4      | Killed Ijyb
  6715 | D:4      | Reached skill level 4 in Spellcasting
  6829 | D:4      | Noticed Grinder
  6970 | D:4      | Noticed Sigmund
  6984 | D:4      | Killed Sigmund
  6985 | D:4      | Reached XP level 7. HP: 39/53 MP: 0/0
  6985 | D:4      | Learned a level 3 spell: Swiftness
  6997 | D:5      | Entered Level 5 of the Dungeon
  7008 | D:5      | HP: 2/53 [bullfrog zombie (3)]
  7262 | D:5      | Paralysed by Grinder for 3 turns
  7276 | D:5      | Killed Grinder
  7433 | D:5      | Found a glowing golden altar of the Shining One.
  7444 | D:5      | Noticed a water moccasin
  7836 | D:4      | Found a blossoming altar of Fedhas.
  7839 | D:4      | Found a hazy altar of Hepliaklqana.
  8082 | D:5      | Identified the ring of Tecab {Dex+2 Slay+4}
  8093 | D:5      | Reached XP level 8. HP: 34/61 MP: 0/0
  8124 | D:4      | Reached skill level 5 in Shields
  8400 | D:5      | Reached skill level 5 in Spellcasting
  8773 | D:5      | Noticed Edmund
  8791 | D:5      | Killed Edmund
  8927 | D:5      | Found a hide-covered altar of Uskayaw.
  8948 | D:5      | Noticed Duvessa
  9385 | D:5      | Noticed Eustachio
  9398 | D:5      | Killed Eustachio
  9560 | D:5      | Noticed Dowan
  9569 | D:5      | Killed Duvessa
  9570 | D:5      | Reached XP level 9. HP: 54/69 MP: 0/0
  9570 | D:5      | Learned a level 3 spell: Ozocubu's Armour
  9578 | D:5      | Killed Dowan
  9579 | D:5      | Reached skill level 6 in Spellcasting
 10057 | D:6      | Found a staircase to the Ecumenical Temple.
 10066 | Temple   | Entered the Ecumenical Temple
 10334 | Temple   | Became a worshipper of Elyvilon the Healer
 10748 | D:6      | Reached skill level 1 in Invocations
 10923 | D:6      | Found a large runed translucent door.
 10926 | D:6      | Found a large runed translucent door.
 10926 | D:6      | Noticed Dega's ghost (amateur OpFi)
 11246 | D:7      | Reached skill level 5 in Fighting
 11820 | D:7      | Reached * piety under Elyvilon
 11915 | D:7      | You are sucked into a shaft and drop 3 floors!
 11915 | D:10     | Entered Level 10 of the Dungeon
 11924 | D:10     | Found a staircase to the Orcish Mines.
 11935 | D:10     | Noticed a two-headed ogre
 11952 | D:10     | Killed a two-headed ogre
 11953 | D:10     | Reached skill level 7 in Spellcasting
 11953 | D:10     | Reached XP level 10. HP: 51/79 MP: 0/0
 12114 | D:10     | Found a basalt altar of Yredelemnul.
 12705 | D:9      | Noticed a manticore
 12721 | D:9      | Killed a manticore
 12722 | D:9      | Reached skill level 8 in Spellcasting
 12762 | D:9      | Noticed a two-headed ogre
 13511 | D:10     | Noticed an ice dragon
 13588 | D:8      | Killed a two-headed ogre
 13589 | D:8      | Reached skill level 5 in Invocations
 13589 | D:8      | Reached XP level 11. HP: 22/86 MP: 0/0
 13589 | D:8      | Learned a level 5 spell: Yara's Violent Unravelling
 14261 | D:7      | Reached ** piety under Elyvilon
 14436 | D:7      | Found a sparkling altar of Nemelex Xobeh.
 15458 | D:8      | Noticed Fronzalo's ghost (novice DsFi)
 15459 | D:8      | Found a runed translucent gate.
 15459 | D:8      | Found a runed translucent gate.
 15459 | D:8      | Found a runed translucent gate.
 15768 | D:8      | Found a broken altar of Ashenzari.
 15876 | D:8      | Paralysed by an orc for 4 turns
 16687 | D:9      | Reached skill level 9 in Spellcasting
 16840 | D:9      | Found a staircase to the Lair.
 16851 | D:9      | Upgraded the game from 0.28-a0-773-g130ae17 to
                  | 0.28-a0-780-g186eaea
 17072 | D:9      | Reached *** piety under Elyvilon
 17562 | D:11     | Noticed a white ugly thing
 17572 | D:11     | Killed a white ugly thing
 17584 | D:11     | Noticed a two-headed ogre
 17602 | D:11     | HP: 3/89 [two-headed ogre (10)]
 17604 | D:11     | Killed a two-headed ogre
 17609 | D:10     | Killed from afar by an ice dragon

Illustrated notes

Levels and vault maps discovered:
D:1:      shiori_arrival_maze, layout_loops_corners,
          chequers_ecumenical_altar_twisty, minmay_split_cup_small
D:2:      layout_basic, minmay_tetromino_o2
D:3:      layout_basic, lemuel_coloured_pillars_altar, serial_shops,
          nicolae_shop_window_shopping
D:4:      layout_basic, amethyst_overflow_temple_binary,
          hellmonk_ghost_happy_afterlife, gup_sewer_entry_bubbles, uniq_sigmund,
          uniq_grinder, uniq_ijyb
D:5:      layout_cave_pools, old_standard_altar, nicolae_uskayaw_dance_hall,
          uniq_eustachio, uniq_edmund, uniq_duvessa
D:6:      layout_loops_ring, temple_pool_b, ebering_ghost_disaster_area
D:7:      layout_loops_ring, mainiacjoe_overflow_surrounded_room, st_stairs_1
D:8:      layout_rooms, mainiacjoe_overflow_divided_tiny, special_room
          [special_room_orc], gammafunk_ghost_spectres, minivault_27
D:9:      layout_roguey, due_lair_maze_entry_diamond
D:10:     dragon1_lemuel, layout_rooms, overflow_temple_1_default, orc_0_dummy,
          grunt_ministairs_4
D:11:     layout_basic, biasface_ghost_orc_armoury, xom_redecorated
Temple:   oiseaux_autumnal_temple

Skill      XL: |  1  2  3  4  5  6  7  8  9 10 11 |
---------------+----------------------------------+-----
Shields        | 1 2 3 4 6 7 8 |  8.9
Fighting       | 1 2 3 4 5 7 |  7.9
Spellcasting   | 3 4 5 7 8 9 |  9.2
Invocations    | 3 5 6 |  6.1
Dodging        | |  2.3
Stealth        | |  1.5

Action                   |  1- 3 |  4- 6 |  7- 9 | 10-12 || total
-------------------------+-------+-------+-------+-------++-------
Melee: Unarmed           |     9 |       |       |       ||     9
       Trident           |     1 |    12 |     8 |       ||    21
 Cast: Sting             |    67 |    20 |     6 |     3 ||    96
       Poisonous Vapours |    28 |    63 |    73 |   164 ||   328
       Freeze            |       |    10 |     9 |    16 ||    35
       Searing Ray       |       |    29 |    39 |    23 ||    91
       Mephitic Cloud    |       |     1 |    12 |    15 ||    28
       Swiftness         |       |       |     2 |       ||     2
       Olgreb's Toxic Ra |       |       |     1 |    52 ||    53
       Ozocubu's Armour  |       |       |     1 |     9 ||    10
  Use: Potion            |       |     5 |     2 |     3 ||    10
       Scroll            |       |     5 |     6 |     2 ||    13
Armor: Robe              |     8 |    12 |    26 |    47 ||    93
Dodge: Dodged            |    22 |    24 |    90 |    42 ||   178
Block: Buckler           |       |       |    22 |    16 ||    38

Table legend: (Time is in decaauts)
 A = Elapsed time spent in this place.
 B = Non-inter-level travel time spent in this place.
 C = Inter-level travel time spent in this place.
 D = Time resting spent in this place.
 E = Time spent auto-exploring this place.
 F = Levels seen in this place.
 G = Mean time per level.
                   A        B        C        D        E       F      G
               +--------+--------+--------+--------+--------+-----+--------+
         Total |  17639 |  17247 |    392 |   4847 |  10012 |  13 | 1356.8 |
       Dungeon |  16110 |  15785 |    325 |   4847 |   8698 |  11 | 1464.5 |
        Temple |    298 |    231 |     67 |      0 |    218 |   1 |  298.0 |
         Sewer |   1230 |   1230 |      0 |      0 |   1096 |   1 | 1230.0 |
               +--------+--------+--------+--------+--------+-----+--------+

Top non-repeatable levels by time:
     D:4: 2162 daAuts
     D:1: 1973 daAuts
    D:10: 1953 daAuts
     D:8: 1739 daAuts
     D:5: 1685 daAuts
     D:7: 1614 daAuts
     D:3: 1540 daAuts
     D:2: 1328 daAuts
   Sewer: 1230 daAuts
     D:9: 1043 daAuts
     D:6: 1020 daAuts
  Temple: 298 daAuts
    D:11: 48 daAuts
